 Dungeon Crawl Stone Soup version 0.20-a0-555-gf6ae02d (webtiles) character file.

120 Bzzzz the Skirmisher (level 4, -11/37 HPs)
             Began as a Demonspawn Abyssal Knight on Feb 7, 2017.
             Was a Follower of Lugonu.
             Mangled by a reaper
             ... wielding a +3 scythe of protection
              (32 damage)
             ... on level 2 of the Abyss.
             The game lasted 00:01:14 (109 turns).

Bzzzz the Skirmisher (Demonspawn Abyssal Knight)     Turns: 109, Time: 00:01:15

Health: -11/37     AC:  5    Str: 13    XL:     4   Next: 75%
Magic:  5/6        EV: 11    Int: 14    God:    Lugonu [*.....]
Gold:   0          SH:  0    Dex: 12    Spells: 3/3 levels left

rFire    . . .     SeeInvis .   a - +1 falchion
rCold    . . .     Gourm    .   b - +0 leather armour
rNeg     . . .     Faith    .   (no shield)
rPois    .         Spirit   .   (no helmet)
rElec    .         Reflect  .   (no cloak)
rCorr    .         Harm     .   (no gloves)
MR       .....                  (no boots)
Stlth    +.........             (no amulet)
Regen    0.0/turn               (no ring)
                                (no ring)

@: non-regenerating, mildly diseased
A: icy blue scales 1, demonic guardian 1, rot immunity
a: Depart the Abyss, Renounce Religion


You were on level 2 of the Abyss.
You worshipped Lugonu.
Lugonu was aware of your devotion.
You were not hungry.

You visited 0 branches of the dungeon, and saw 0 of its levels.
You visited the Abyss 1 time.

Inventory:

Hand Weapons
 a - a +1 falchion (weapon)
Armour
 b - a +0 leather armour (worn)
Comestibles
 c - a bread ration


   Skills:
 + Level 4.3 Fighting
 + Level 2.8 Long Blades
 + Level 2.2 Armour
 + Level 0.8 Dodging
 + Level 3.3 Invocations


You had 3 spell levels left.
You didn't know any spells.

Dungeon Overview and Level Annotations

Branches:
Dungeon (0/15)

Altars:


Innate Abilities, Weirdness & Mutations

You are partially covered in icy blue scales. (AC +2)
A weak demonic guardian rushes to your aid.
You are immune to rotting.


Message History

r - Retreat! s - Stop attacking. g - Guard the area. f - Follow me.
Anything else - Cancel.
Gang up on whom?
Press: ? - help, Dir - move target cursor, f - reaper
Aim: a reaper, wielding a scythe of protection (hasn't noticed you) Attack!
Your spatial maelstrom hits the reaper but does no damage.
Your spatial maelstrom closely misses the reaper.
Your spatial vortex misses the reaper.
The reaper hits your spatial vortex with a scythe of protection!
Your spatial vortex hits the reaper.
Space bends around the reaper.
Your ufetubus barely misses the reaper.
Your ufetubus hits the reaper but does no damage.
Unknown command.
Your spatial maelstrom hits the reaper but does no damage.
Your spatial maelstrom hits the reaper!
The reaper blinks!
The reaper hits you from afar with a scythe of protection!!
Ouch! That really hurt!
You die...

.# . #..##.## .
#. # #.# .#.. .
#.#. .# ###.
.#.....#..# .
.##
....#.#..###
#....####
.###.# ##
#.#####..#.#
#..# #2#. .v..
.# .
#..#.#..§.##.v#
.## ##v.@#
#.### . ##
##.5...####
#..# .#§v#.###
## # ....#.###
#..### # ..## #


You could see a reaper, a friendly spatial maelstrom, a friendly spatial vortex
and a friendly ufetubus.

Vanquished Creatures (collateral kills)
  A hellwing (Abyss:2)
1 creature vanquished.

Notes
Turn   | Place    | Note
-------+----------+-------------------------------------------
     0 | Abyss:1  | Bzzzz the Demonspawn Abyssal Knight began the quest for the Orb.
     0 | Abyss:1  | Reached XP level 1. HP: 18/18 MP: 2/2
     7 | Abyss:2  | Found a corrupted altar of Lugonu.
    58 | Abyss:2  | Noticed a hellwing
    76 | Abyss:2  | Killed a hellwing
    76 | Abyss:2  | Reached skill level 4 in Fighting
    76 | Abyss:2  | Gained mutation: You are immune to rotting. [demonic ancestry]
    76 | Abyss:2  | Reached XP level 2. HP: 14/25 MP: 2/4
    76 | Abyss:2  | Gained mutation: A weak demonic guardian rushes to your aid. [demonic ancestry]
    76 | Abyss:2  | Reached XP level 3. HP: 17/30 MP: 2/5
    76 | Abyss:2  | Gained mutation: You are partially covered in icy blue scales. (AC +2) [demonic ancestry]
    76 | Abyss:2  | Reached XP level 4. HP: 21/37 MP: 2/6
   105 | Abyss:2  | Noticed a reaper
   109 | Abyss:2  | Mangled by a reaper

Vault maps used:

Skill      XL: |  1 |
---------------+----+-----
Fighting       | 4 |  4.3
Long Blades    | 2 |  2.8
Armour         | 2 |  2.2
Invocations    | 3 |  3.3
Dodging        | |  0.8

Action                   |  1- 3 |  4- 6 || total
-------------------------+-------+-------++-------
  Use: Scroll            |     3 |       ||     3
Dodge: Dodged            |     3 |       ||     3
